 Dungeon Crawl Stone Soup version 0.30-a0-313-gae38170b09 (webtiles) character file.

Game seed: 9661843015037116383

26 bande the Magician (level 3, -5/25 HPs)
             Began as a Gnoll Wanderer on Oct 26, 2022.
             Succumbed to a gnoll's poison
             ... on level 3 of the Dungeon.
             The game lasted 00:01:28 (1047 turns).

bande the Magician (Gnoll Wanderer)                 Turns: 1047, Time: 00:01:28

Health: -5/25      AC:  7    Str: 14    XL:     3   Next: 8%
Magic:  11/11      EV:  9    Int:  9    God:
Gold:   102        SH:  0    Dex: 12    Spells: 15/16 levels left

rFire   . . .      SeeInvis .    a - +2 mace
rCold   . . .      Faith    .    (no shield)
rNeg    . . .      Spirit   .    b - +0 scale mail
rPois   .          Reflect  .    (no helmet)
rElec   .          Harm     .    (no cloak)
rCorr   .          Rampage  .    (no gloves)
Will    .....                    (no boots)
Stlth   +.........               (no amulet)
HPRegen 0.24/turn                (no ring)
MPRegen 0.12/turn                (no ring)

@: lethally poisoned (-5 -> -31)
A: fangs 1, strong nose, distributed training
a: no special abilities


You were on level 3 of the Dungeon.
You visited 1 branch of the dungeon, and saw 3 of its levels.

You collected 102 gold pieces.

Inventory:

Hand Weapons
 a - a +2 mace (weapon)
Armour
 b - a +0 scale mail (worn)
Scrolls
 c - 2 scrolls of fear
 g - a scroll of butterflies
Potions
 d - a potion of cancellation {unknown}
 f - a potion of lignification {unknown}


   Skills:
 + Level 0.6 Fighting
 + Level 0.6 Short Blades
 + Level 0.6 Long Blades
 + Level 0.6 Axes
 + Level 6.5 Maces & Flails
 + Level 0.6 Polearms
 + Level 0.6 Staves
 + Level 0.6 Ranged Weapons
 + Level 0.6 Throwing
 + Level 6.5 Armour
 + Level 0.6 Dodging
 + Level 2.3 Stealth
 + Level 0.6 Shields
 + Level 0.6 Unarmed Combat
 + Level 7.1 Spellcasting
 + Level 0.4 Conjurations
 + Level 0.4 Hexes
 + Level 0.4 Summonings
 + Level 0.4 Necromancy
 + Level 0.4 Translocations
 + Level 0.4 Transmutations
 + Level 0.4 Fire Magic
 + Level 0.4 Ice Magic
 + Level 0.4 Air Magic
 + Level 0.4 Earth Magic
 + Level 0.4 Poison Magic
 + Level 0.8 Invocations
 + Level 0.6 Evocations


You had 15 spell levels left.
You knew the following spells:

 Your Spells              Type           Power      Damage    Failure   Level
a - Slow                  Hex            16%        N/A       52%         1

Your spell library contained the following spells:

 Spells                   Type           Power      Damage    Failure   Level
 Summon Guardian Golem    Hex/Summ       4%         N/A       87%         3
 Animate Dead             Necr           4%         N/A       99%         4
 Fireball                 Conj/Fire      2%         3d4       100%        5
 Iskenderun's Battlesphe  Conj           4%         2d6       100%        5
 Conjure Ball Lightning   Conj/Air       2%         3x3d6     100%        6
 Haunt                    Necr/Summ      2%         N/A       100%        7
 Orb of Destruction       Conj           2%         9d5       100%        7
 Infestation              Necr           2%         N/A       100%        8


Dungeon Overview and Level Annotations

Branches:
Dungeon (3/15)

Altars:


Innate Abilities, Weirdness & Mutations

You have very sharp teeth.
Your uncanny sense of smell can sniff out nearby items.
Your experience applies equally to all skills.


Message History

You feel sick.
The giant cockroach bites you but does no damage.
The gnoll closely misses you.
A gnoll comes into view. It is wielding a +0 spear.
The giant cockroach bites you but does no damage.
The gnoll shouts!
You thump the giant cockroach!
You kill the giant cockroach!
You feel sick.
You hear a shout!
The gnoll hits you from afar with a +0 spear of venom.
You feel sick. The gnoll hits you but does no damage.
You see here a giant cockroach corpse.
You hit the gnoll.
The gnoll is heavily wounded.
You feel sick.
The gnoll hits you with a +0 spear of venom.
You are more poisoned.
The gnoll barely misses you.
Unknown command.
You barely miss the gnoll. Your bite misses the gnoll.
The gnoll is heavily wounded.
You feel very sick. The gnoll hits you but does no damage.
You are lethally poisoned!
The gnoll hits you but does no damage.
A gnoll comes into view. It is wielding a +0 club.
You closely miss the gnoll.
The gnoll is heavily wounded.
* * * LOW HITPOINT WARNING * * *
You feel very sick.
The gnoll shouts!
The gnoll hits you with a +0 spear of venom.
* * * LOW HITPOINT WARNING * * *
You are more poisoned.
The gnoll hits you from afar with a +0 spear.
* * * LOW HITPOINT WARNING * * *
You hit the gnoll.
The gnoll is severely wounded.
You die...

.# #.# #.# #.# #.#
#.# #.# #.# #.#
#######.# #.#
........###.#
............#######
####g@...<.......
#.############


gg. #### You could see 3 gnolls.

Vanquished Creatures
  A worm (D:2)
  2 bats (D:1)
  2 giant cockroaches
  5 goblins
  4 jackals (D:1)
  A kobold (D:1)
  A quokka (D:1)
  A ball python (D:1)
  A frilled lizard (D:1)
  A rat (D:1)
19 creatures vanquished.

Notes
Turn   | Place    | Note
-------+----------+-------------------------------------------
     0 | D:1      | bande the Gnoll Wanderer began the quest for the Orb.
     0 | D:1      | bande set off with the following items: a +2 mace, a +0
                  | scale mail, a scroll of fear; and the following spell
                  | memorised: Slow; and the following spells available to
                  | memorise: Summon Guardian Golem.
     0 | D:1      | Reached XP level 1. HP: 13/13 MP: 8/8
   185 | D:1      | Reached XP level 2. HP: 17/19 MP: 10/10
   548 | D:2      | Reached XP level 3. HP: 15/25 MP: 11/11
  1046 | D:3      | HP: 1/25 [gnoll/+0 spear (1)]
  1047 | D:3      | Succumbed to a gnoll's poison

Illustrated notes

Levels and vault maps discovered:
D:1:      ncdulo_lavacross, layout_basic
D:2:      layout_rooms
D:3:      kennysheep_the_goblin_king, layout_loops_ring,
          nicolae_ru_the_path_less_chosen,
          hellmonk_ecumenical_altar_arch_garden, uniq_natasha

Action                   || total
-------------------------++-------
Melee: Mace              ||    51
       Bite              ||     2
  Use: Scroll            ||     2
Armor: Scale mail        ||    28
Dodge: Dodged            ||    23

Table legend: (Time is in decaauts)
 A = Elapsed time spent in this place.
 B = Non-inter-level travel time spent in this place.
 C = Inter-level travel time spent in this place.
 D = Time resting spent in this place.
 E = Time spent auto-exploring this place.
 F = Levels seen in this place.
 G = Mean time per level.
                   A        B        C        D        E       F      G
               +--------+--------+--------+--------+--------+-----+--------+
         Total |   1051 |   1051 |      0 |    211 |    682 |   3 |  350.3 |
       Dungeon |   1051 |   1051 |      0 |    211 |    682 |   3 |  350.3 |
               +--------+--------+--------+--------+--------+-----+--------+

Top non-repeatable levels by time:
     D:1: 537 daAuts
     D:2: 291 daAuts
     D:3: 223 daAuts
